 Dungeon Crawl Stone Soup version 0.17-a0-1678-g710b578 (console) character file.

13330 overjoyed the Thaumaturge (level 11, -3/56 HPs)
             Began as a Deep Elf Earth Elementalist on Aug 18, 2015.
             Was the Champion of Sif Muna.
             Slain by an iguana (14 damage)
             ... on level 1 of the Lair of Beasts on Aug 19, 2015.
             The game lasted 05:21:59 (21755 turns).

overjoyed the Thaumaturge (DEEE)                   Turns: 21755, Time: 05:22:00

Health: -3/56      AC:  9    Str:  5    XL:     11   Next: 74%
Magic:  0/27       EV: 14    Int: 24    God:    Sif Muna [******]
Gold:   1029       SH:  0    Dex: 17    Spells: 9 memorised, 0 levels left

rFire  . . .     SeeInvis +     j - +1 dagger (drain)
rCold  . . .     Clarity  .     s - +1 robe {MR+}
rNeg   . . .     SustAt   .     (no shield)
rPois  .         Gourm    .     N - +0 helmet of Distant Worlds {Dex+2 Stlth+}
rElec  .         Spirit   .     R - +1 cloak
rCorr  +         Warding  .     z - +0 pair of gloves
rMut   .         Stasis   .     y - +1 pair of boots {run}
MR     ++...                    e - amulet of resist corrosion
Stlth  +++++.....               (no ring)
                                P - ring of see invisible

@: quick, very resistant to hostile enchantments, quite stealthy
A: no striking features
a: Channel Energy, Forget Spell, Renounce Religion


You were on level 1 of the Lair of Beasts.
You worshipped Sif Muna.
Sif Muna was exalted by your worship.
You were very hungry.

You visited 4 branches of the dungeon, and saw 16 of its levels.

You collected 1049 gold pieces.
You spent 20 gold pieces at shops.

Inventory:

Hand weapons
 a - a +2 dagger of venom
 j - a +1 dagger of draining (weapon)
Armour
 s - a +1 robe of magic resistance (worn)
 y - a +1 pair of boots of running (worn)
 z - a +0 pair of gloves (worn)
 N - the +0 helmet of Distant Worlds (worn) {Dex+2 Stlth+}
   (You found it on level 7 of the Dungeon)

   It affects your dexterity (+2).
   It makes you more stealthy.
 R - a +1 cloak (worn)
Jewellery
 e - an amulet of resist corrosion (around neck)
 P - a ring of see invisible (left hand)
Magical devices
 u - a wand of lightning (7)
 K - a wand of fire (8)
 M - a wand of enslavement (9)
 O - a wand of disintegration (4)
Scrolls
 g - 9 scrolls of noise
 m - a scroll of fog
 E - 2 scrolls of remove curse
 G - 2 scrolls of recharging
 V - 2 scrolls of identify
 Z - a scroll of magic mapping
Potions
 o - 2 potions of brilliance
 p - a potion of cancellation
 F - a potion of magic
 Q - a potion of flight
Comestibles
 b - 4 chunks of flesh
 d - a bread ration
 h - 4 royal jellies
 i - 6 fruits
 q - 3 meat rations
 t - 4 beef jerkies
 D - a slice of pizza


   Skills:
 + Level 1.0 Fighting
 - Level 3.2 Dodging
 - Level 7.0 Stealth
 - Level 10.2 Spellcasting
 + Level 9.0 Conjurations
 * Level 5.6 Summonings
 - Level 4.0 Necromancy
 - Level 5.4 Transmutations
 - Level 3.7 Fire Magic
 - Level 4.6 Air Magic
 - Level 8.0 Earth Magic
 - Level 5.3 Poison Magic
 - Level 6.6 Invocations


You couldn't memorise any spells.
You knew the following spells:

 Your Spells              Type           Power        Failure   Level  Hunger
a - Sandblast             Erth           ######       1%          1    None
b - Passwall              Trmt/Erth      #####.....   1%          3    None
c - Stone Arrow           Conj/Erth      ######       1%          3    None
d - Petrify               Trmt/Erth      #####...     3%          4    #......
e - Lee's Rapid Deconstr  Erth           ######....   6%          5    ####...
f - Animate Skeleton      Necr           N/A          1%          1    None
g - Conjure Flame         Conj/Fire      #####...     1%          3    None
h - Mephitic Cloud        Conj/Pois/Air  #####...     1%          3    None
i - Summon Hydra          Summ           #####.....   100%        7    #######


Dungeon Overview and Level Annotations

Branches:
Dungeon (11/15)            Temple (1/1) D:4            Lair (1/8) D:9
    Orc (3/4) D:11
    Elf: Orc:3-4

Altars:
Ashenzari
Cheibriados
Dithmenos
Elyvilon
Fedhas
Gozag
Kikubaaqudgha
Makhleb
Nemelex Xobeh
Okawaru
Qazlal
Ru
Sif Muna
Trog
Vehumet
Xom
Yredelemnul
Zin
The Shining One

Shops:
D:6 !   D:9 [   Orc:2 (

Annotations:
Lair:1 exclusion: 2 oklob plants
Orc:3 Nessos


Message History

The iguana is almost dead.
The iguana bites you!
* * * LOW HITPOINT WARNING * * *
Casting: Sandblast
Confirm with . or Enter, or press ? or * to list all spells.
Aiming: Sandblast
Press: ? - help, Shift-Dir - straight line, f/p - porcupine
Aim: a porcupine (petrified)
The blast of sand misses the iguana.
The blast of sand hits the porcupine.
The iguana bites you.
* * * LOW HITPOINT WARNING * * *
Casting: Sandblast
Confirm with . or Enter, or press ? or * to list all spells.
Aiming: Sandblast
Press: ? - help, Shift-Dir - straight line, f/p - porcupine
Aim: a porcupine (petrified)
The blast of sand hits the iguana.
The iguana is severely wounded.
The iguana bites you!
You die...

###
#####.##
#
#...?..#
#
#...@..#
#
#....l.#
##
#....r.#
#.
#....!.#
##
#......#
#
##......#
##
#.......#
#.
##......#
##
#......#
#


You could see an iguana and a porcupine (petrified).

Vanquished Creatures
  An unseen horror (D:10)
  2 necromancers (D:10)
  A hill giant (D:11)
  The ghost of trantor the Slasher, an experienced HESk (D:5)
  4 trolls
  3 shadows (D:10)
  2 flying skulls (D:10)
  4 hippogriffs
  A wolf (D:9)
  A hungry ghost (D:10)
  Edmund (D:6)
  A warg (Orc:3)
  3 water moccasins
  5 orc warriors
  A wasp (D:9)
  2 black bears
  3 phantoms
  3 sky beasts (D:7)
  4 ogres
  4 centaurs
  3 necrophages (D:10)
  An eye of draining (D:11)
  6 ice beasts
  A gnoll sergeant (D:7)
  4 big kobolds (D:8)
  8 giant frogs
  2 wyvern zombies (D:10)
  A water moccasin zombie (D:10)
  4 scorpions
  25 killer bees
  10 wights
  8 electric eels
  8 hounds
  3 giant frog zombies (D:10)
  The ghost of Malak the Caller, a weakling DESu (D:3)
  A quasit (D:9)
  2 centaur zombies (D:10)
  7 crimson imps
  3 iguanas
  8 orc priests
  13 orc wizards
  2 centaur skeletons
  A jelly (D:10)
  2 giant frog skeletons
  7 worker ants
  A hound zombie (D:10)
  2 hound skeletons (D:10)
  2 worker ant zombies (D:10)
  5 gnolls
  A river rat (Lair:1)
  14 adders
  2 shadow imps
  An adder skeleton (D:10)
  4 worms
  6 giant geckos
  63 orcs
  2 ball pythons
  4 bats
  8 giant cockroaches
  11 hobgoblins
  17 jackals
  13 kobolds
  2 quokkas
  8 giant newts
  11 goblins
  A quokka skeleton (D:7)
  13 rats
369 creatures vanquished.

Vanquished Creatures (others)
  A killer bee (D:9)
  A jackal (D:9)
2 creatures vanquished.

Grand Total: 371 creatures vanquished

Notes
Turn   | Place    | Note
--------------------------------------------------------------
     0 | D:1      | overjoyed the Deep Elf Earth Elementalist began the quest for the Orb.
     0 | D:1      | Reached XP level 1. HP: 10/10 MP: 6/6
   188 | D:1      | Reached XP level 2. HP: 9/15 MP: 5/8
  1037 | D:2      | Reached XP level 3. HP: 19/19 MP: 8/10
  1075 | D:2      | Learned a level 3 spell: Passwall
  1079 | D:2      | Learned a level 3 spell: Stone Arrow
  1555 | D:2      | Reached skill level 4 in Stealth
  1763 | D:2      | Found an ancient bone altar of Kikubaaqudgha.
  1768 | D:2      | Found a deep blue altar of Sif Muna.
  1768 | D:2      | Found a radiant altar of Vehumet.
  1776 | D:2      | Identified Sif Muna's Volume of the Traveller
  1783 | D:2      | Identified Kikubaaqudgha's Guide on Sinister Secrets
  1790 | D:2      | Identified Vehumet's Volume of Conjuration
  1802 | D:2      | Became a worshipper of Sif Muna the Loreminder
  1946 | D:2      | Reached XP level 4. HP: 24/24 MP: 3/11
  2393 | D:3      | You fall through a shaft!
  2898 | D:3      | Noticed Malak's ghost (weakling DESu)
  2931 | D:3      | Reached XP level 5. HP: 28/28 MP: 4/13
  3422 | D:3      | Found a deep blue altar of Sif Muna.
  3433 | D:3      | Learned a level 4 spell: Petrify
  3564 | D:3      | Killed Malak's ghost
  3564 | D:3      | Reached skill level 1 in Conjurations
  4369 | D:4      | Reached skill level 5 in Spellcasting
  4374 | D:4      | Acquired Sif Muna's first power
  4382 | D:4      | Reached skill level 5 in Earth Magic
  4382 | D:4      | Reached XP level 6. HP: 26/32 MP: 8/15
  5032 | D:4      | Learned a level 5 spell: Lee's Rapid Deconstruction
  5106 | D:4      | Found a staircase to the Ecumenical Temple.
  5188 | Temple   | Entered the Ecumenical Temple
  5503 | D:5      | Entered Level 5 of the Dungeon
  5514 | D:5      | Noticed trantor's ghost (experienced HESk)
  5797 | D:5      | Killed trantor's ghost
  5797 | D:5      | Acquired Sif Muna's second power
  5797 | D:5      | Reached skill level 6 in Spellcasting
  5797 | D:5      | Reached XP level 7. HP: 21/36 MP: 2/18
  5922 | D:5      | Learned a level 1 spell: Animate Skeleton
  6276 | D:5      | HP: 1/36 [centaur/arrow (4)]
  6843 | D:5      | Found a sparkling altar of Nemelex Xobeh.
  7294 | D:6      | Found a sacrificial altar of Ru.
  7328 | D:6      | Noticed Edmund
  7369 | D:6      | Killed Edmund
  7369 | D:6      | Reached skill level 7 in Spellcasting
  7369 | D:6      | Reached XP level 8. HP: 41/41 MP: 0/20
  7379 | D:6      | Identified a +1 pair of boots of running (You found it on level 3 of the Dungeon)
  7913 | D:6      | Learned a level 3 spell: Conjure Flame
  7972 | D:6      | Reached skill level 1 in Necromancy
  8126 | D:6      | Found an iron altar of Okawaru.
  8398 | D:6      | Found Pethrib's Distillery.
  8405 | D:6      | Bought a potion of poison for 10 gold pieces
  8405 | D:6      | Bought a potion of degeneration for 10 gold pieces
  8532 | D:7      | Reached skill level 1 in Invocations
  8705 | D:7      | Reached skill level 1 in Fire Magic
  8915 | D:7      | Found a shadowy altar of Dithmenos.
  9282 | D:7      | Reached skill level 8 in Spellcasting
  9558 | D:7      | Reached XP level 9. HP: 45/45 MP: 5/23
  9819 | D:7      | Got an ancient helmet
  9971 | D:7      | Acquired Sif Muna's third power
 10074 | D:7      | Found a snail-covered altar of Cheibriados.
 10502 | D:8      | Reached skill level 5 in Conjurations
 10648 | D:8      | Reached skill level 5 in Stealth
 11139 | D:8      | Reached skill level 9 in Spellcasting
 11727 | D:8      | Identified the +0 helmet of Distant Worlds {Dex+2 Stlth+} (You found it on level 7 of the Dungeon)
 12207 | D:8      | Reached XP level 10. HP: 32/50 MP: 4/25
 12829 | D:9      | Reached skill level 5 in Invocations
 13089 | D:9      | Learned a level 3 spell: Mephitic Cloud
 13394 | D:9      | Found Osmodwism's Armour Shoppe.
 13435 | D:9      | Found a stormy altar of Qazlal.
 13480 | D:9      | Reached skill level 10 in Spellcasting
 13481 | D:9      | Found a staircase to the Lair.
 13669 | D:9      | Reached skill level 1 in Poison Magic
 13901 | D:9      | Reached skill level 1 in Air Magic
 14349 | D:10     | Entered Level 10 of the Dungeon
 14441 | D:10     | Noticed an unseen horror
 14450 | D:10     | Killed an unseen horror
 15627 | D:10     | Reached skill level 5 in Transmutations
 15631 | D:10     | Noticed a necromancer
 15631 | D:10     | Noticed a necromancer
 15634 | D:10     | Killed a necromancer
 15634 | D:10     | Received a gift from Sif Muna
 15740 | D:10     | Reached XP level 11. HP: 50/54 MP: 0/27
 15819 | D:10     | Killed a necromancer
 16027 | D:10     | Identified Sif Muna's Incunabulum of Scorching Attacks (Sif Muna gifted it to you on level 10 of the Dungeon)
 16189 | D:10     | Learned a level 7 spell: Summon Hydra
 16300 | D:10     | Upgraded the game from 0.17-a0-1667-g4ca74a1 to 0.17-a0-1678-g710b578
 16336 | D:10     | Reached skill level 1 in Summonings
 16644 | D:11     | Noticed a hill giant
 16667 | D:11     | Killed a hill giant
 17061 | D:11     | Found a staircase to the Orcish Mines.
 17394 | D:11     | Reached skill level 5 in Poison Magic
 19067 | Orc:1    | Entered Level 1 of the Orcish Mines
 19499 | D:11     | Received a gift from Sif Muna
 19499 | D:11     | Reached skill level 5 in Summonings
 19626 | D:11     | Identified Sif Muna's Handbook of Evil (Sif Muna gifted it to you on level 11 of the Dungeon)
 19947 | Orc:2    | Found Ongad's Weapon Shoppe.
 19993 | Orc:3    | Noticed Nessos
 20252 | Orc:2    | HP: 4/81 [poisoned by Nessos]
 20258 | Orc:2    | HP: 3/81 [poisoned by Nessos]
 20262 | Orc:2    | HP: 1/81 [poisoned by Nessos]
 20270 | Orc:2    | HP: 1/81 [poisoned by Nessos]
 20278 | Orc:2    | HP: 2/81 [poisoned by Nessos]
 20778 | Orc:2    | HP: 2/55 [poisoned by Nessos]
 21131 | D:10     | Noticed a hill giant
 21133 | D:10     | Noticed a five-headed hydra
 21453 | Lair:1   | Entered Level 1 of the Lair of Beasts
 21548 | Lair:1   | Reached skill level 1 in Fighting
 21755 | Lair:1   | Slain by an iguana

Vault maps used:
D:1:      evilmike_arrival_fibonacci_small, st_stairs_12
D:2:      grunt_temple_overflow_magic_moments
D:3:      first_bread, led_sif_pool
D:4:      kennysheep_big_flooded_room, minmay_temple_entry_large_hall
D:5:      minmay_misc_feat_more_columns, nemelex_altar_shiori
D:6:      nicolae_overflow_crystal_walls, serial_shops, nicolae_shop_trees,
          okawaru_altar_gauntlet_db, uniq_edmund
D:7:      grunt_dithmenos_shadows, slow_altar_2
D:8:      special_room
D:9:      grunt_qazlal_clouds, erik_lair_island, serial_shops, shop
D:10:     hangedman_screamer
D:11:     orc_0_dummy, david_nohive_1
Temple:   circular_temple_12
Lair:1:   dpeg_oklob_gauntlet, grunt_forest_large_clearings
Orc:1:    serial_shops, nicolae_shop_stone, library_closet
Orc:2:    serial_shops, nicolae_shop_statue_plus, uniq_gastronok
Orc:3:    basic_altar, nicolae_orc_pool_cavern, uniq_nessos

Action                   |  1- 3 |  4- 6 |  7- 9 | 10-12 || total
-------------------------+-------+-------+-------+-------++-------
Melee: Dagger            |    25 |    18 |     2 |    38 ||    83
       Unarmed           |     4 |       |       |     1 ||     5
 Cast: Sandblast         |    53 |   102 |    81 |   291 ||   527
       Stone Arrow       |     6 |    13 |    23 |     3 ||    45
       Passwall          |       |     6 |       |       ||     6
       Petrify           |       |     6 |    44 |    43 ||    93
       Lee's Rapid Decon |       |     4 |    50 |    95 ||   149
       Conjure Flame     |       |       |     1 |       ||     1
       Mephitic Cloud    |       |       |       |     8 ||     8
Invok: Channel Energy    |       |     1 |    24 |    34 ||    59
  Use: Scroll            |     5 |     1 |     9 |    18 ||    33
       Potion            |     2 |     2 |     7 |    10 ||    21
 Stab: Sleeping          |     5 |     7 |       |     5 ||    17
       Petrified         |       |       |       |     1 ||     1
  Eat: Chunk             |     3 |    10 |     3 |    11 ||    27
       Bread ration      |       |     1 |     6 |     4 ||    11
       Meat ration       |       |       |     2 |     1 ||     3
       Fruit             |       |       |       |     5 ||     5
       Royal jelly       |       |       |       |     4 ||     4
       Beef jerky        |       |       |       |     1 ||     1
